 Dungeon Crawl Stone Soup version 0.31.0-9-g3a7656b989 (webtiles) character file.

Game seed: 8661869402500716675

39 qw the Shooter (level 3, 0/29 HPs)
             Began as a Demigod Hunter on Feb 2, 2024.
             Killed from afar by Robin (9 damage)
             ... with a puff of flame
             ... on level 2 of the Dungeon.
             The game lasted 00:00:06 (746 turns).

qw the Shooter (Demigod Hunter)                      Turns: 746, Time: 00:00:06

Health: 0/29       AC:  3    Str: 12    XL:     3   Next: 13%
Magic:  5/5        EV: 12    Int: 11    God:
Gold:   13         SH:  0    Dex: 21    Spells: 2/2 levels left

rFire   . . .        a - +0 shortbow
rCold   + . .        (shield currently unavailable)
rNeg    . . .        c - +0 leather armour
rPois   .            (no helmet)
rElec   .            (no cloak)
rCorr   +            (no gloves)
SInv    .            (no boots)
Will    .....        f - amulet of regeneration
Stlth   ++           d - ring of resist corrosion
HPRegen 1.04/turn    h - ring of protection from cold
MPRegen 0.09/turn

%: no passive effects
@: no status effects
A: high MP 1, forlorn, divine attributes
a: no special abilities


You were on level 2 of the Dungeon.
You visited 1 branch of the dungeon, and saw 2 of its levels.

You collected 41 gold pieces.
You spent 28 gold pieces at shops.


Innate Abilities, Weirdness & Mutations

You have an increased reservoir of magic. (+10% MP)
You shall have no god before yourself.
Your divine heritage dramatically boosts your attributes as you level up.


   Skills:
 - Level 2.0 Fighting
 + Level 4.5 Ranged Weapons
 - Level 2.0 Dodging
 - Level 0.8 Stealth


You had 2 spell levels left.
You didn't know any spells.
Your spell library was empty.

Inventory:

Hand Weapons
 a - a +0 shortbow (weapon)
Armour
 c - a +0 leather armour (worn)
Jewellery
 d - a ring of resist corrosion (left hand)
 f - an amulet of regeneration (around neck)
 h - a ring of protection from cold (right hand)
Scrolls
 b - a scroll of vulnerability {unknown}
Potions
 j - 3 potions of lignification {unknown}

Dungeon Overview and Level Annotations

Branches:
Dungeon (2/15)

Shops:
D:1 ?

Annotations:
D:2 Robin


Message History

The goblin hits you with a +0 club.
You shoot an arrow. The arrow hits the hobgoblin!
You kill the hobgoblin!
Robin roars a battlecry!
The goblin goes into a battle-frenzy!
The goblin misses you.
The goblin unwields a +0 dagger.
The goblin wields a +0 sling.
The goblin shoots a sling bullet.
The sling bullet completely misses you.
The sling bullet hits the goblin.
You shoot an arrow. The arrow hits the goblin.
You kill the goblin!
Robin closely misses you.
The goblin shoots a sling bullet.
The sling bullet hits you. Robin throws the goblin at you!
You shoot an arrow. The arrow completely misses the goblin.
The goblin unwields a +0 sling.
The goblin wields a +0 dagger.
The goblin hits you with a +0 dagger. Robin closely misses you.
You shoot an arrow. The arrow closely misses the goblin.
The goblin hits you but does no damage.
Robin hits you from afar with a +0 spear.
The goblin completely misses you.
You shoot an arrow. The arrow barely misses the goblin.
Robin hits you but does no damage. The goblin hits you with a +0 dagger.
You shoot an arrow. The arrow hits the goblin.
You kill the goblin!
Robin barely misses you.
Robin says, "My goblins will feast on your bones."
Robin hits you from afar with a +0 spear.
Your Dodging skill increases to level 2!
You shoot an arrow. The arrow hits Robin.
Robin is lightly wounded.
Robin hits you from afar with a +0 spear.
You shoot an arrow.
The arrow hits Robin but does no damage.
Robin is lightly wounded.
Robin closely misses you.
You shoot an arrow.
The arrow hits Robin but does no damage.
Robin is lightly wounded.
Robin zaps a wand.
The puff of flame hits you!
You die...
Robin calls out, "Let's celebrate!
Time for a feast!"

#)g...# ..# ##.#.## #.#
#...# #.# ##'### #.#
##...## ###.#
##....(######## ##.#.#
##.......##.....
#####....###g....>.......#.
.........)@).).......+..###
####....###......%......#.
##.#.# ##.......##..###
######.# ##.....##..## #
#......# ##...###...# #
#.###### ##+####..## # #.#
#.###..## #.# #.##%.##
###.######### ##......#


You could see Robin.

Vanquished Creatures
  2 dart slugs (D:1)
  A ball python (D:2)
  A bat (D:2)
  2 endoplasms (D:1)
  A giant cockroach (D:1)
  7 hobgoblins
  4 frilled lizards (D:1)
  10 goblins
  A kobold (D:1)
  2 rats
31 creatures vanquished.

Notes
Turn   | Place    | Note
-------+----------+-------------------------------------------
     0 | D:1      | qw the Demigod Hunter began the quest for the Orb.
     0 | D:1      | Reached XP level 1. HP: 17/17 MP: 3/3
     0 | D:1      | 0 ||| qw: Version: 0.3-a-155-g5e7d8dd
     0 | D:1      | 0 ||| qw: Game counter: 365
     0 | D:1      | 0 ||| qw: Melee chars always use a shield: true
     0 | D:1      | 0 ||| qw: God list: Okawaru
     0 | D:1      | 0 ||| qw: Allow faded altars: false
     0 | D:1      | 0 ||| qw: Do Orc after clearing Dungeon:15 true
     0 | D:1      | 0 ||| qw: Do second Lair branch before Depths: true
     0 | D:1      | 0 ||| qw: Lair rune preference: random
     0 | D:1      | 0 ||| qw: Goals: Normal
     0 | D:1      | 0 ||| PLANNING D:1-11
   179 | D:1      | Reached skill level 4 in Ranged Weapons
   233 | D:1      | Found Coatsav's Magic Scroll Shop.
   241 | D:1      | 241 ||| SHOPLISTING 2 scrolls of identify (56 gold, have
                  | 35).
   241 | D:1      | 241 ||| SHOPLISTING scroll of acquirement (728 gold, have
                  | 35).
   241 | D:1      | 241 ||| BUYING scroll of identify (28 gold).
   241 | D:1      | Bought a scroll of identify for 28 gold pieces
   241 | D:1      | 241 ||| SHOPLISTING scroll of identify (28 gold, have 7).
   255 | D:1      | Reached XP level 2. HP: 24/24 MP: 4/4
   562 | D:1      | 562 ||| UPGRADING to amulet of regeneration.
   567 | D:1      | 567 ||| UPGRADING to ring of resist corrosion.
   568 | D:1      | 568 ||| UPGRADING to ring of protection from cold.
   569 | D:1      | 569 ||| READING scroll of identify.
   569 | D:1      | 569 ||| IDENTIFYING green potion
   570 | D:1      | 570 ||| READING scroll labelled TAORIPT BEPOA.
   573 | D:1      | 573 ||| READING scroll labelled TAOF GUVYIDUS.
   574 | D:1      | 574 ||| DROPPING scroll of butterflies.
   709 | D:2      | Noticed Robin
   710 | D:2      | 710 ||| RETREEEEATING.
   711 | D:2      | 711 ||| RETREEEEATING.
   712 | D:2      | 712 ||| RETREEEEATING.
   714 | D:2      | 714 ||| RETREEEEATING.
   716 | D:2      | 716 ||| RETREEEEATING.
   718 | D:2      | 718 ||| RETREEEEATING.
   719 | D:2      | 719 ||| RETREEEEATING.
   720 | D:2      | 720 ||| RETREEEEATING.
   721 | D:2      | 721 ||| RETREEEEATING.
   730 | D:2      | HP: 4/24 [Robin/+0 spear (4)]
   731 | D:2      | Reached XP level 3. HP: 3/29 MP: 5/5
   731 | D:2      | 731 ||| DRINKING potion of heal wounds.
   744 | D:2      | HP: 6/29 [Robin/+0 spear (3)]
   746 | D:2      | Killed from afar by Robin

Levels and vault maps discovered:
D:1:      dpeg_arrival_round_c, layout_basic, serial_shops, shop,
          hangedman_decor_growths
D:2:      layout_loops_corners, basic_altar, basic_ecumenical_altar,
          nicolae_figureground_pulse, uniq_robin

Skill      XL: |  1  2  3 |
---------------+----------+-----
Ranged Weapons | 4 |  4.5
Fighting       | 2 |  2.0
Dodging        | 2 |  2.0
Stealth        | |  0.8

Action                     || total
---------------------------++-------
   Fire: Shortbow          ||    86
    Use: Scroll            ||     3
         Potion            ||     1
 Armour: Leather armour    ||    53
  Dodge: Dodged            ||    51

Table legend:
 A = Non-vault XP
 B = Vault XP
 C = Vault XP percentage of total XP
 D = Non-vault monster count
 E = Vault monster count
 F = Vault count percentage of total count
                 A         B        C        D         E       F
            +---------+---------+-------+---------+---------+-------
      Total |      34 |      23 |  40.4 |      19 |      12 |  38.7
            +---------+---------+-------+---------+---------+-------
        D:1 |      27 |       0 |   0.0 |      15 |       0 |   0.0
        D:2 |       7 |      23 |  76.7 |       4 |      12 |  75.0
            +---------+---------+-------+---------+---------+-------
